 Dungeon Crawl Stone Soup version 0.29-a0-119-g4040846114 (webtiles) character file.

Game seed: 15728472774241022049

242 drugrobin the Grasshopper (level 5, 0/41 HPs)
             Began as a Demigod Warper on Feb 20, 2022.
             Slain by a bullfrog zombie (4 damage)
             ... in an ossuary.
             The game lasted 00:16:54 (5598 turns).

drugrobin the Grasshopper (Demigod Warper)          Turns: 5598, Time: 00:16:55

Health: 0/41       AC:  3    Str: 14 (16) XL:     5   Next: 52%
Magic:  5/10       EV: 11    Int: 14 (15) God:
Gold:   274        SH:  0    Dex: 10 (13) Spells: 1/7 levels left

rFire   . . .      SeeInvis .   a - +1 spear
rCold   . . .      Faith    .   (no shield)
rNeg    . . .      Spirit   .   b - +0 leather armour
rPois   .          Reflect  .   (no helmet)
rElec   .          Harm     .   (no cloak)
rCorr   .          Rampage  .   (no gloves)
Will    .....                   (no boots)
Stlth   +.........              p - amulet of magic regeneration
HPRegen 0.13/turn               (no ring)
MPRegen 0.52/turn               (no ring)

@: very slightly contaminated
A: high MP 1, forlorn, divine attributes
a: no special abilities


You were in an ossuary.
You visited 1 branch of the dungeon, and saw 4 of its levels.
You also visited: Ossuary.

You collected 274 gold pieces.

Inventory:

Hand Weapons
 a - a +1 spear (weapon)
Missiles
 d - 5 boomerangs of dispersal
 e - 82 stones (quivered)
 f - 15 poisoned darts
 g - 62 bolts
 j - 10 boomerangs
 m - 31 sling bullets
Armour
 b - a +0 leather armour (worn)
Jewellery
 p - an amulet of magic regeneration (around neck)
Scrolls
 c - 2 scrolls of blinking
 h - 2 scrolls of identify
 i - a scroll of immolation {unknown}
 k - 2 scrolls of teleportation
Potions
 n - a potion of invisibility
 r - a potion of lignification {unknown}
 s - a potion of curing {unknown}


   Skills:
 - Level 1.7 Fighting
 - Level 3.5 Polearms
 - Level 0.8 Throwing
 - Level 0.8 Armour
 - Level 1.7 Dodging
 - Level 1.1 Stealth
 - Level 1.7 Spellcasting
 + Level 2.4 Summonings
 - Level 4.1 Translocations


You had one spell level left.
You knew the following spells:

 Your Spells              Type           Power      Damage    Failure   Level
a - Blink                 Tloc           24%        N/A       9%          2
b - Teleport Other        Tloc           12%        N/A       17%         3
c - Summon Small Mammal   Summ           32%        N/A       11%         1

Your spell library contained the following spells:

 Spells                   Type           Power      Damage    Failure   Level
 Gell's Gravitas          Tloc           12%        N/A       17%         3
 Lesser Beckoning         Tloc           12%        N/A       17%         3
 Call Canine Familiar     Summ           8%         N/A       32%         3
 Summon Guardian Golem    Hex/Summ       4%         N/A       50%         3
 Passage of Golubria      Tloc           12%        N/A       50%         4
 Tukima's Dance           Hex            1%         N/A       65%         3
 Manifold Assault         Tloc           12%        N/A       83%         5
 Yara's Violent Unravell  Hex/Tmut       0%         3d3       100%        5


Dungeon Overview and Level Annotations

Branches:
Dungeon (4/15)            Ossuary (1/1)
 Temple: D:4-7

Annotations:
D:1 Terence
D:2 Robin
D:4 Sigmund


Innate Abilities, Weirdness & Mutations

You have an increased reservoir of magic. (+10% MP)
You shall have no god before yourself.
Your divine heritage dramatically boosts your attributes as you level up.


Message History

A killer bee zombie comes into view.
Unknown command.
Unknown command.
Unknown command.
Casting: Blink (safe; 8% risk of failure)
Confirm with . or Enter, or press ? or * to list all spells.
Aiming: Teleport Other (dangerous; 16% risk of failure)
Press: ? - help, Shift-Dir - straight line, f - killer bee zombie, p - bullfrog zombie
Aim: a killer bee zombie (wandering, hasn't noticed you, chance to affect: 66%)
You miscast Teleport Other.
You are very lightly contaminated with residual magic.
Nothing appears to happen.
The killer bee zombie closely misses you.
Unknown command.
Unknown command.
Unknown command.
Casting: Teleport Other (dangerous; 16% risk of failure)
Confirm with . or Enter, or press ? or * to list all spells.
Aiming: Teleport Other (dangerous; 16% risk of failure)
Press: ? - help, Shift-Dir - straight line, f/p - killer bee zombie
Aim: a killer bee zombie (chance to affect: 66%)
The killer bee zombie looks slightly unstable.
You feel stable enough to blink again.
The killer bee zombie barely misses you.
The killer bee zombie hits you.
* * * LOW HITPOINT WARNING * * *
Unknown command.
Reach: a) +1 spear
Press: ? - help, Dir - move target, f - bullfrog zombie, p - killer bee zombie
Aim: a bullfrog zombie (severely damaged, about 28% to evade your +1 spear)
You reach to attack!
You closely miss the bullfrog zombie.
The bullfrog zombie is severely damaged.
The killer bee zombie hits you!
* * * LOW HITPOINT WARNING * * *
Unknown command.
It was a potion of degeneration.
There was something very wrong with that liquid.
You feel weakened.
You feel dopey.
You feel clumsy.
The killer bee zombie disappears!
The bullfrog zombie hits you.
You die...

### #@#
###Z#+#'#+#'
#.'ZZ.M.Z...
###.#####.##
+.# #.+ +.#
#.# +.+


You could see 3 bullfrog zombies.

Vanquished Creatures
  A howler monkey (D:4)
  Jessica (D:2)
  3 mummies
  A gnoll (D:1)
  7 adders
  A dart slug (D:3)
  3 endoplasms
  2 giant cockroaches (D:2)
  10 goblins
  4 hobgoblins
  A jackal (D:2)
  5 kobolds
  5 quokkas
  5 ball pythons
  9 bats
  6 frilled lizards
  7 rats
71 creatures vanquished.

Vanquished Creatures (collateral kills)
  An endoplasm (D:3)
  A kobold (D:3)
2 creatures vanquished.

Vanquished Creatures (others)
  11 fungi (D:2)
  6 plants (D:2)
  3 toadstools (D:2)
  4 withered plants (Ossuary)
24 creatures vanquished.

Grand Total: 97 creatures vanquished

Notes
Turn   | Place    | Note
-------+----------+-------------------------------------------
     0 | D:1      | drugrobin the Demigod Warper began the quest for the Orb.
     0 | D:1      | Reached XP level 1. HP: 17/17 MP: 5/5
   881 | D:1      | Reached XP level 2. HP: 24/24 MP: 7/7
   935 | D:1      | Learned a level 2 spell: Blink
   983 | D:1      | Reached skill level 3 in Translocations
  1088 | D:1      | Reached skill level 1 in Stealth
  1734 | D:2      | Noticed Robin
  1903 | D:2      | Noticed Terence
  2245 | D:2      | Reached XP level 3. HP: 21/29 MP: 8/8
  2249 | D:2      | Learned a level 3 spell: Teleport Other
  2710 | D:2      | Noticed Jessica
  3759 | D:2      | Reached XP level 4. HP: 20/36 MP: 9/9
  4643 | D:2      | Killed Jessica
  4644 | D:2      | Reached skill level 4 in Translocations
  4929 | D:3      | Learned a level 1 spell: Summon Small Mammal
  5488 | D:4      | Reached XP level 5. HP: 19/41 MP: 10/10
  5515 | D:4      | Reached skill level 1 in Summonings
  5541 | D:4      | Found a sand-covered staircase.
  5544 | D:4      | Noticed Sigmund
  5545 | Ossuary  | Entered an ossuary
  5598 | Ossuary  | Slain by a bullfrog zombie

Illustrated notes

Levels and vault maps discovered:
D:1:      dpeg_arrival_simpleton_c, layout_basic
D:2:      layout_basic, shapermc_ecumenical_altar_mp_ritualfount,
          minmay_gold_behind_fungi, minmay_joined_circles, uniq_robin,
          uniq_jessica, uniq_terence
D:3:      layout_loops_ring, nicolae_overflow_crystal_walls,
          minmay_misc_feat_secret_circle
D:4:      layout_basic, nicolae_ossuary_entry_giza, gup_sewer_entry_pipe,
          uniq_sigmund
Ossuary:  ossuary_zaba_flooded

Skill      XL: |  1  2  3  4  5 |
---------------+----------------+-----
Polearms       | 2 3 |  3.5
Translocations | 3 4 |  4.1
Stealth        | 1 |  1.1
Summonings     | 2 |  2.4
Fighting       | |  1.7
Throwing       | |  0.8
Armour         | |  0.8
Dodging        | |  1.7
Spellcasting   | |  1.7

Action                   |  1- 3 |  4- 6 || total
-------------------------+-------+-------++-------
Melee: Spear             |   194 |   119 ||   313
       Punch             |     1 |       ||     1
Throw: Stone             |    48 |     7 ||    55
       Boomerang         |    24 |    14 ||    38
       Dart              |       |     6 ||     6
 Cast: Blink             |     8 |     3 ||    11
       Teleport Other    |     3 |     1 ||     4
       Summon Small Mamm |       |    12 ||    12
  Use: Potion            |     2 |     1 ||     3
       Scroll            |       |     6 ||     6
 Stab: Sleeping          |     1 |     2 ||     3
       Invisible         |       |     2 ||     2
       Distracted        |       |     2 ||     2
Armor: Leather armour    |    54 |    20 ||    74
Dodge: Dodged            |    97 |    50 ||   147

Table legend: (Time is in decaauts)
 A = Elapsed time spent in this place.
 B = Non-inter-level travel time spent in this place.
 C = Inter-level travel time spent in this place.
 D = Time resting spent in this place.
 E = Time spent auto-exploring this place.
 F = Levels seen in this place.
 G = Mean time per level.
                   A        B        C        D        E       F      G
               +--------+--------+--------+--------+--------+-----+--------+
         Total |   5594 |   5443 |    151 |   1328 |   2740 |   5 | 1118.8 |
       Dungeon |   5541 |   5390 |    151 |   1328 |   2740 |   4 | 1385.2 |
       Ossuary |     52 |     52 |      0 |      0 |      0 |   1 |   52.0 |
               +--------+--------+--------+--------+--------+-----+--------+

Top non-repeatable levels by time:
     D:2: 2764 daAuts
     D:1: 1995 daAuts
     D:3: 712 daAuts
     D:4: 69 daAuts
 Ossuary: 52 daAuts
